 Dungeon Crawl Stone Soup version 0.19.3-1-g3169bf9 (webtiles) character file.

1208 Alarkh the Basher (level 8, 0/120 HPs)
             Began as an Ogre Monk on Jan 24, 2017.
             Was a Believer of Okawaru.
             Slain by Pikel
             ... wielding a +1 whip of freezing
              (7 damage)
             ... on level 6 of the Dungeon.
             The game lasted 00:06:38 (5680 turns).

Alarkh the Basher (Ogre Monk)                       Turns: 5680, Time: 00:06:38

Health: 0/120      AC:  3    Str: 22    XL:     8   Next: 45%
Magic:  8/8        EV: 11    Int: 15    God:    Okawaru [**....]
Gold:   199        SH:  0    Dex: 12    Spells: 1 memorised, 5 levels left

rFire  . . .     SeeInvis .     f - +0 giant club
rCold  . . .     Gourm    +     b - +0 robe
rNeg   . . .     Faith    .     (shield currently unavailable)
rPois  .         Spirit   .     (helmet restricted)
rElec  .         Reflect  .     (no cloak)
rCorr  .         Harm     .     (gloves unavailable)
MR     .....                    (boots unavailable)
Stlth  ..........               p - amulet of the gourmand
                                (no ring)
                                z - +4 ring of intelligence

@: berserking, repel missiles, very quick
A: unfitting armour, tough skin 1
a: Heroism, Renounce Religion


You were on level 6 of the Dungeon.
You worshipped Okawaru.
Okawaru was pleased with you.
You were not hungry.

You visited 2 branches of the dungeon, and saw 7 of its levels.

You collected 199 gold pieces.

Inventory:

Hand Weapons
 a - a +0 mace
 f - a +0 giant club (weapon)
Armour
 b - a +0 robe (worn)
Jewellery
 p - an amulet of the gourmand (around neck)
 z - a +4 ring of intelligence (left hand)
Wands
 t - a wand of iceblast (4/15)
 B - a wand of flame (34/48)
Scrolls
 d - a scroll of enchant armour {unknown}
 e - a scroll of identify
 g - 5 scrolls of blinking
 h - 3 scrolls of teleportation
 k - a scroll of enchant weapon {unknown}
 l - 5 scrolls of remove curse
 q - 3 scrolls of noise {unknown}
 r - a scroll of magic mapping {unknown}
 s - 5 scrolls of recharging {unknown}
 u - 2 scrolls of immolation {unknown}
 y - a scroll of fear {unknown}
Potions
 i - 2 potions of magic
 j - 2 potions of brilliance
 m - 4 potions of curing {unknown}
 n - a potion of haste
 x - a potion of berserk rage
Books
 A - a book of Minor Magic

   Spells                             Type                      Level
   a - Magic Dart                     Conjuration                  1
   b - Blink                          Translocation                2
   c - Call Imp                       Summoning                    2
   d - Repel Missiles                 Charms/Air                   2
   e - Slow                           Hexes                        2
   f - Conjure Flame                  Conjuration/Fire             3
   g - Mephitic Cloud                 Conjuration/Poison/Air       3
Comestibles
 c - 5 bread rations
 o - 4 meat rations
 w - a beef jerky


   Skills:
 - Level 5.1 Fighting
 + Level 12.1 Maces & Flails
 - Level 3.7 Dodging
 - Level 1.4 Stealth


You had 5 spell levels left.
You knew the following spells:

 Your Spells              Type           Power        Failure   Level  Hunger
d - Repel Missiles        Chrm/Air       #.....       38%         2    ###....


Dungeon Overview and Level Annotations

Branches:
Dungeon (6/15)             Temple (1/1) D:5

Altars:
Ashenzari
Cheibriados
Dithmenos
Elyvilon
Fedhas
Gozag
Hepliaklqana
Kikubaaqudgha
Makhleb
Nemelex Xobeh
Okawaru
Qazlal
Ru
Sif Muna
Trog
Uskayaw
Vehumet
Xom
Yredelemnul
Zin
The Shining One

Shops:
D:3 *

Annotations:
D:6 Pikel


Innate Abilities, Weirdness & Mutations

You are too large for most types of armour.
You have tough skin. (AC +1)


Message History

You hit Pikel.
Pikel is severely wounded.
Pikel hits you with a whip of freezing.
* * * LOW HITPOINT WARNING * * *
Pikel freezes you.
* * * LOW HITPOINT WARNING * * *
You closely miss Pikel.
Pikel is severely wounded.
Pikel hits you with a whip of freezing.
* * * LOW HITPOINT WARNING * * *
Pikel freezes you.
* * * LOW HITPOINT WARNING * * *
A red film seems to cover your vision as you go berserk!
You feel yourself moving faster!
You feel mighty! Pikel closely misses you.
You completely miss Pikel.
Pikel is severely wounded.
You sock Pikel!
Pikel is almost dead.
Pikel hits you with a whip of freezing!
You die...

.#### ####.# ..... .....
....####....########...###
.....
....##...###..............
.###
.......#..##.#............
...>
....##....##.......pp.p.p.
.....
....###.#.#....pp###.K....
..... ##### #.#.#.#.##p#
..### .... #.#.#.#.##K# .#
.#.. #.......##@# # ..#..
###.#.####.# ..#.. #
#######.#.####.# .....
###.......#......# #....
....####..######## ###.#
##..#..... ##.###..
......##.########..
.......#
##..####.##.......# .###..
##..)....##.#### #.#


You could see Pikel and 3 slaves.

Vanquished Creatures
  Eustachio (D:6)
  A phantom (D:6)
  A sky beast (D:5)
  A slave (D:6)
  2 ogres
  A black bear (D:6)
  A centaur (D:6)
  Blork the orc (D:5)
  A scorpion (D:5)
  A crimson imp (D:5)
  2 hounds
  2 orc wizards (D:3)
  A centaur skeleton (D:5)
  2 worker ants (D:5)
  A worker ant zombie (D:5)
  7 adders
  2 shadow imps (D:5)
  4 oozes
  2 adder skeletons (D:5)
  An adder zombie (D:5)
  6 worms
  2 dart slugs
  6 leopard geckos
  5 orcs
  3 giant cockroaches
  3 goblins
  2 hobgoblins (D:2)
  3 jackals (D:4)
  6 kobolds
  2 quokkas
  A ball python (D:3)
  5 bats
  2 frilled lizards (D:1)
  11 rats
92 creatures vanquished.

Notes
Turn   | Place    | Note
-------+----------+-------------------------------------------
     0 | D:1      | Alarkh the Ogre Monk began the quest for the Orb.
     0 | D:1      | Reached XP level 1. HP: 24/24 MP: 1/1
   299 | D:1      | Reached XP level 2. HP: 32/32 MP: 2/2
  1060 | D:2      | Reached XP level 3. HP: 23/40 MP: 3/3
  1392 | D:2      | Reached skill level 5 in Maces & Flails
  1566 | D:2      | Reached XP level 4. HP: 43/49 MP: 4/4
  2057 | D:3      | Found an opulent altar of Gozag.
  2057 | D:3      | Found Gozag's Platinum Reserve.
  2187 | D:3      | Noticed an ogre
  2203 | D:3      | Killed an ogre
  2203 | D:3      | Reached skill level 5 in Fighting
  2203 | D:3      | Reached skill level 6 in Maces & Flails
  2203 | D:3      | Reached XP level 5. HP: 51/57 MP: 5/5
  2575 | D:3      | Reached skill level 7 in Maces & Flails
  2575 | D:3      | Reached XP level 6. HP: 49/66 MP: 6/6
  3967 | D:5      | Entered Level 5 of the Dungeon
  3969 | D:5      | Reached skill level 8 in Maces & Flails
  4003 | D:5      | Reached XP level 7. HP: 61/72 MP: 7/7
  4097 | D:5      | Found a staircase to the Ecumenical Temple.
  4109 | Temple   | Entered the Ecumenical Temple
  4371 | Temple   | Became a worshipper of Warmaster Okawaru
  4371 | Temple   | Reached * piety under Okawaru
  4371 | Temple   | Reached ** piety under Okawaru
  4410 | D:5      | Reached skill level 9 in Maces & Flails
  4575 | D:5      | Reached skill level 10 in Maces & Flails
  4629 | D:5      | Noticed Blork the orc
  4642 | D:5      | Killed Blork the orc
  4865 | D:5      | Found an iron altar of Okawaru.
  5092 | D:6      | Reached XP level 8. HP: 22/80 MP: 5/8
  5348 | D:6      | Learned a level 2 spell: Repel Missiles
  5425 | D:6      | Reached skill level 11 in Maces & Flails
  5438 | D:6      | Noticed Eustachio
  5454 | D:6      | Killed Eustachio
  5610 | D:6      | Reached skill level 12 in Maces & Flails
  5643 | D:6      | Noticed Pikel
  5677 | D:6      | HP: 4/80 [Pikel/whip of freezing (2)]
  5680 | D:6      | Slain by Pikel

Skill      XL: |  1  2  3  4  5  6  7  8 |
---------------+-------------------------+-----
Dodging        | 3 |  3.7
Maces & Flails | 5 6 7 8 10 12 | 12.1
Fighting       | 5 |  5.1
Stealth        | |  1.4

Action                   |  1- 3 |  4- 6 |  7- 9 || total
-------------------------+-------+-------+-------++-------
Melee: Mace              |    92 |    74 |       ||   166
       Giant club        |       |    87 |   119 ||   206
 Cast: Repel Missiles    |       |       |     1 ||     1
Invok: Heroism           |       |       |     1 ||     1
  Use: Scroll            |     3 |     1 |     3 ||     7
       Potion            |       |     2 |     2 ||     4
 Stab: Sleeping          |     3 |     2 |     2 ||     7
       Distracted        |       |       |     1 ||     1
  Eat: Chunk             |     2 |     9 |     8 ||    19
Armor: Robe              |    19 |    33 |    17 ||    69
       Skin              |       |     4 |       ||     4
Dodge: Dodged            |    55 |    99 |    73 ||   227
